 Dungeon Crawl Stone Soup version 0.29-a0-901-g46a8461d6a (webtiles) character file.

Game seed: 11170054811973148084

64 HoaS the Shooter (level 4, -1/26 HPs)
             Began as a Gargoyle Hunter on July 23, 2022.
             Slain by an orc
             ... wielding a +0 mace
              (2 damage)
             ... on level 2 of the Dungeon.
             The game lasted 00:04:40 (1807 turns).

HoaS the Shooter (Gargoyle Hunter)                  Turns: 1807, Time: 00:04:41

Health: -1/26      AC:  7    Str: 15    XL:     4   Next: 12%
Magic:  4/4        EV: 11    Int:  9    God:
Gold:   50         SH:  0    Dex: 15    Spells: 3/3 levels left

rFire   . . .      SeeInvis +   a - +0 shortbow
rCold   + . .      Faith    .   (shield currently unavailable)
rNeg    + . .      Spirit   .   c - +0 leather armour
rPois   ∞          Reflect  .   (no helmet)
rElec   +          Harm     .   (no cloak)
rCorr   .          Rampage  .   (no gloves)
Will    .....                   f - +0 pair of boots
Stlth   ++........              (no amulet)
HPRegen 0.08/turn               h - ring of protection from cold
MPRegen 0.09/turn               m - ring of see invisible

@: no status effects
A: sickness immunity, AC +3, negative energy resistance 1, electricity
resistance, torment resistance 1, petrification resistance
a: no special abilities


You were on level 2 of the Dungeon.
You visited 1 branch of the dungeon, and saw 3 of its levels.

You collected 50 gold pieces.

Inventory:

Hand Weapons
 a - a +0 shortbow (weapon)
Armour
 c - a +0 leather armour (worn)
 f - a +0 pair of boots (worn)
 g - a +0 ring mail
Jewellery
 h - a ring of protection from cold (left hand)
 m - a ring of see invisible (right hand)
Scrolls
 b - a scroll of immolation
 d - a scroll of blinking
 e - 3 scrolls of butterflies
Potions
 i - a potion of magic {unknown}
 j - 2 potions of curing


   Skills:
 - Level 2.1 Fighting
 + Level 5.5 Ranged Weapons
 - Level 1.5 Dodging
 - Level 1.1 Stealth


You had 3 spell levels left.
You didn't know any spells.
Your spell library was empty.

Dungeon Overview and Level Annotations

Branches:
Dungeon (3/15)

Altars:
Hepliaklqana


Innate Abilities, Weirdness & Mutations

You are immune to sickness and miasma.
Your stone body is resilient. (AC +3)
You are immune to poison.
You resist negative energy. (rN+)
You are resistant to electric shocks. (rElec)
You are resistant to unholy torment.
You are immune to petrification.


Message History

Press: ? - help, Q - select action Shift-Dir - straight line, f - orc
Aim: an orc, wielding a +0 mace and wearing a +0 scale mail (severely wounded, 65% to hit)
You shoot an arrow. The arrow barely misses the orc.
The arrow closely misses the orc.
The arrow hits the orc.
The orc is almost dead.
The orc hits you with a +0 mace. x2
* * * LOW HITPOINT WARNING * * *
Fire: a) +0 shortbow
Press: ? - help, Q - select action Shift-Dir - straight line, f/p - orc
Aim: an orc, wielding a +0 mace and wearing a +0 scale mail (severely wounded, 65% to hit)
You shoot an arrow.
The arrow hits the orc but does no damage.
The orc is severely wounded.
The orc closely misses you.
Fire: a) +0 shortbow
Press: ? - help, Q - select action Shift-Dir - straight line, f/p - orc
Aim: an orc, wielding a +0 mace and wearing a +0 scale mail (severely wounded, 65% to hit)
You shoot an arrow. The arrow hits the orc.
You kill the orc!
Fire: a) +0 shortbow
Press: ? - help, Q - select action Shift-Dir - straight line, f - orc
Aim: an orc, wielding a +0 mace and wearing a +0 leather armour (62% to hit)
You shoot an arrow. The arrow barely misses the orc.
The arrow hits the orc.
You kill the orc!
The orc closely misses you.
Fire: a) +0 shortbow
Press: ? - help, Q - select action Shift-Dir - straight line, f/p - orc
Aim: an orc, wielding a +0 mace and wearing a +0 leather armour (62% to hit)
You shoot an arrow. The arrow closely misses the orc.
The orc hits you with a +0 mace.
* * * LOW HITPOINT WARNING * * *
The orc completely misses you.
Fire: a) +0 shortbow
Press: ? - help, Q - select action Shift-Dir - straight line, f/p - orc
Aim: an orc, wielding a +0 mace and wearing a +0 leather armour (62% to hit)
You shoot an arrow.
The arrow hits the orc but does no damage.
The orc hits you with a +0 mace.
You die...

..# #..#.#.......# ..#
##.#.#.......# ..#
#.#.........# ..#
#.#.#......## ..#
#.#.#......# ..#
#.#.#(.....# # ..####
#.#.####'### # .....#
#...#....# # ####.###
##..#@#### # # #...#
#.o#o# # # ###.#
###>#)##### #
######.##
#.........############
........#
#......<..'...........
######..#
#.(.......############
#..#
#####..#.........#####
#..#
#..#.#######......
######).#
#..#......<#.####.


You could see an orc.

Vanquished Creatures
  A gnoll (D:1)
  3 orcs
  5 ball pythons (D:1)
  10 bats
  2 endoplasms
  6 goblins
  3 hobgoblins
  5 kobolds
  3 quokkas
  4 frilled lizards
  7 rats
49 creatures vanquished.

Notes
Turn   | Place    | Note
-------+----------+-------------------------------------------
     0 | D:1      | HoaS the Gargoyle Hunter began the quest for the Orb.
     0 | D:1      | Reached XP level 1. HP: 12/12 MP: 1/1
   191 | D:1      | Reached XP level 2. HP: 17/17 MP: 2/2
   215 | D:1      | Found a faded altar of an unknown god.
   450 | D:1      | Reached skill level 5 in Ranged Weapons
   450 | D:1      | Reached XP level 3. HP: 21/21 MP: 3/3
  1086 | D:2      | Found a hazy altar of Hepliaklqana.
  1729 | D:3      | Reached XP level 4. HP: 22/26 MP: 4/4
  1730 | D:3      | Noticed an ogre
  1806 | D:2      | HP: 1/26 [orc/+0 mace (4)]
  1807 | D:2      | Slain by an orc

Illustrated notes

Levels and vault maps discovered:
D:1:      scummos_arrival_checkerplants, layout_basic,
          shapermc_ecumenical_altar_ellora
D:2:      layout_basic, basic_altar
D:3:      layout_rooms, lightli_temple_of_fire,
          nicolae_overflow_hallway_of_the_gods, grunt_ministairs_12,
          minmay_misc_feat_room

Skill      XL: |  1  2 |
---------------+-------+-----
Ranged Weapons | 5 |  5.5
Fighting       | |  2.1
Dodging        | |  1.5
Stealth        | |  1.1

Action                   |  1- 3 |  4- 6 || total
-------------------------+-------+-------++-------
 Fire: Shortbow          |   103 |    17 ||   120
  Use: Scroll            |     5 |       ||     5
Armor: Leather armour    |    16 |     8 ||    24
Dodge: Dodged            |    25 |    20 ||    45

Table legend: (Time is in decaauts)
 A = Elapsed time spent in this place.
 B = Non-inter-level travel time spent in this place.
 C = Inter-level travel time spent in this place.
 D = Time resting spent in this place.
 E = Time spent auto-exploring this place.
 F = Levels seen in this place.
 G = Mean time per level.
                   A        B        C        D        E       F      G
               +--------+--------+--------+--------+--------+-----+--------+
         Total |   1841 |   1701 |    140 |    108 |   1307 |   3 |  613.7 |
       Dungeon |   1841 |   1701 |    140 |    108 |   1307 |   3 |  613.7 |
               +--------+--------+--------+--------+--------+-----+--------+

Top non-repeatable levels by time:
     D:1: 1022 daAuts
     D:2: 761 daAuts
     D:3: 58 daAuts
